 Dungeon Crawl Stone Soup version bcrawl-1.21.2-1-g32d02e0829 (webtiles) character file.

Game seed: 15606326044469951747

184 Mrkan the Skirmisher (level 5, -7/33 HPs)
             Began as a Gargoyle Fighter on Feb 19, 2020.
             Was an Initiate of Gozag.
             Killed by divine providence
             ... invoked by an orc priest
              (15 damage)
             ... on level 3 of the Dungeon.
             The game lasted 00:03:12 (1664 turns).

Mrkan the Skirmisher (Gargoyle Fighter)             Turns: 1664, Time: 00:03:12

Health: -7/33      AC: 12    Str: 20    XL:     5   Next: 63%
Magic:  5/5        EV:  7    Int:  8    God:    Gozag
Gold:   92         SH:  9    Dex: 10    Spells: 4/4 levels left

rFire    . . .     SeeInvis .   a - +0 flail
rCold    . . .     Gourm    .   c - +0 shield
rNeg     + . .     Faith    .   b - +0 scale mail
rPois    ∞         Spirit   .   g - +0 helmet
rElec    +         Reflect  .   (no cloak)
rCorr    .         Harm     .   (no gloves)
MR       .....                  (no boots)
Stlth    ..........             (no amulet)
HPRegen  0.11/turn              (no ring)
MPRegen  0.09/turn              (no ring)

@: gold aura
A: negative energy resistance 1, electricity resistance, unbreathing,
petrification resistance, rot immunity, AC +4
a: Potion Petition, Call Merchant, Bribe Branch, Renounce Religion


You were on level 3 of the Dungeon.
You worshipped Gozag.
Gozag was noncommittal.
You were not hungry.

You visited 1 branch of the dungeon, and saw 3 of its levels.

You collected 107 gold pieces.
You paid 15 gold pieces to Gozag.

Inventory:

Hand Weapons
 a - a +0 flail (weapon)
Armour
 b - a +0 scale mail (worn)
 c - a +0 shield (worn)
 g - a +0 helmet (worn)
 j - a +0 helmet
Wands
 r - a wand of iceblast (13)
Scrolls
 f - 3 scrolls of immolation {unknown}
 h - a scroll of identify {unknown}
 l - 2 scrolls of enchant weapon {unknown}
 n - a scroll of teleportation {unknown}
 o - a scroll of blinking {unknown}
 q - a scroll of enchant armour {unknown}
 t - a scroll of remove curse {unknown}
Potions
 d - 2 potions of might
 i - 2 potions of ambrosia {unknown}
 k - a potion of heal wounds {unknown}
 m - 3 potions of haste {unknown}
 p - a potion of agility {unknown}
 s - a potion of brilliance {unknown}
Comestibles
 e - 2 rations {!d}


   Skills:
 + Level 4.2 Fighting
 * Level 3.8 Maces & Flails
 + Level 4.2 Armour
 + Level 4.1 Shields


You had 4 spell levels left.
You didn't know any spells.
Your spell library was empty.

Dungeon Overview and Level Annotations

Branches:
Dungeon (3/12)

Altars:
Elyvilon
Gozag
Hepliaklqana
Sif Muna
Wu Jian
Zin


Innate Abilities, Weirdness & Mutations

You are resistant to torment.
Your stone body is resilient. (AC +4)
You are immune to poison.
You resist negative energy. (rN+)
You are resistant to electric shocks. (rElec)
You can survive without breathing.
You are immune to petrification.
You are immune to rotting.


Message History

The orc priest mumbles some strange prayers to Beogh against you.
Beogh smites you!
* * * LOW HITPOINT WARNING * * *
Things that are here:
5 gold pieces; a +0 short sword The orc priest barely misses you.
You hit the orc priest but do no damage.
You block the orc priest's attack.
You thump the orc priest!
The orc priest is severely wounded.
You block the orc priest's attack.
The orc priest becomes distracted by the nearby gold, dreaming of imaginary riches.
The orc priest shouts!
You hit the orc priest but do no damage.
The orc priest is no longer distracted by gold.
The orc priest is heavily wounded.
The orc priest invokes the aid of Beogh against you.
Beogh smites you!
You die...
Your body crumbles into a pile of gold.

#.......
#......
#.#.....#+##+##
#......<.......
#.#.#...#.#..##
#.#+#...#.#..#
#.....$......#
#.............
#..o@..#......
#....###......
#[.... ......
#.#.### ..$...
#... [.... ..#.
.... ####. ..


You could see an orc priest.

Vanquished Creatures
  A crimson imp (D:2)
  An orc priest (D:3)
  Terence (D:2)
  An adder (D:2)
  2 oozes (D:1)
  4 worms (D:2)
  2 dart slugs (D:1)
  7 leopard geckos
  3 orcs (D:2)
  A ball python (D:2)
  3 bats
  3 giant cockroaches
  8 goblins
  5 hobgoblins
  5 kobolds
  A frilled lizard (D:1)
  6 rats
54 creatures vanquished.

Notes
Turn   | Place    | Note
-------+----------+-------------------------------------------
     0 | D:1      | Mrkan the Gargoyle Fighter began the quest for the Orb.
     0 | D:1      | Reached XP level 1. HP: 14/14 MP: 1/1
    31 | D:1      | Reached XP level 2. HP: 18/19 MP: 2/2
   310 | D:1      | Reached XP level 3. HP: 23/23 MP: 3/3
   703 | D:2      | Reached XP level 4. HP: 27/29 MP: 4/4
   732 | D:2      | Found a glowing silver altar of Zin.
   918 | D:2      | Found a faded altar of an unknown god.
  1171 | D:2      | Found a white marble altar of Elyvilon.
  1171 | D:2      | Found an ornate altar of the Wu Jian Council.
  1173 | D:2      | Found a hazy altar of Hepliaklqana.
  1176 | D:2      | Found an opulent altar of Gozag.
  1194 | D:2      | Became a worshipper of Gozag Ym Sagoz the Greedy
  1332 | D:2      | Reached XP level 5. HP: 28/33 MP: 5/5
  1379 | D:2      | Found a shimmering blue altar of Sif Muna.
  1400 | D:3      | Noticed Terence
  1443 | D:2      | Killed Terence
  1664 | D:3      | Killed from afar by an orc priest

Skill      XL: |  1  2  3  4 |
---------------+-------------+-----
Maces & Flails | 3 |  3.8
Armour         | 4 |  4.2
Fighting       | 4 |  4.2
Shields        | 4 |  4.1

Action                   |  1- 3 |  4- 6 || total
-------------------------+-------+-------++-------
Melee: Flail             |   135 |   129 ||   264
  Eat: Chunk             |       |     1 ||     1
       Ration            |       |     1 ||     1
Armor: Scale mail        |    77 |    60 ||   137
Dodge: Dodged            |    47 |    46 ||    93
Block: Shield            |    64 |    61 ||   125
